 Dungeon Crawl Stone Soup version 0.30-a0-726-gd89dcf765f (webtiles) character file.

Game seed: 1407385898748591917

393 sokol815 the Slasher (level 6, -11/52 HPs)
             Began as a Demigod Fighter on Jan 30, 2023.
             Mangled by an ogre
             ... wielding a +0 giant spiked club
              (16 damage)
             ... on level 4 of the Dungeon.
             The game lasted 00:05:53 (3381 turns).

sokol815 the Slasher (Demigod Fighter)              Turns: 3381, Time: 00:05:54

Health: -11/52     AC: 11    Str: 17    XL:     6   Next: 26%
Magic:  8/8        EV:  6    Int: 10    God:
Gold:   169        SH:  6    Dex: 21    Spells: 5/5 levels left

rFire   + . .      SeeInvis .    a - +0 long sword
rCold   + . .      Faith    .    k - +0 buckler
rNeg    . . .      Spirit   .    e - +0 chain mail
rPois   .          Reflect  .    g - +0 helmet
rElec   .          Harm     .    p - scarf {rC+ rF+}
rCorr   .          Rampage  .    l - +0 pair of gloves
Will    .....                    (no boots) Stlth
                                 (no amulet)
HPRegen 0.28/turn                (no ring)
MPRegen 0.11/turn                (no ring)

@: no status effects
A: high MP 1, forlorn, divine attributes
a: no special abilities


You were on level 4 of the Dungeon.
You visited 1 branch of the dungeon, and saw 4 of its levels.

You collected 169 gold pieces.

Inventory:

Hand Weapons
 a - a +0 long sword (weapon)
 f - a +2 dagger of speed
   (You took it off a kobold on level 1 of the Dungeon)
Missiles
 r - 6 poisoned darts
 s - 34 stones
 t - a throwing net {!d}
Armour
 b - a +0 scale mail
 e - a +0 chain mail (worn)
   (You found it on level 1 of the Dungeon)
 g - a +0 helmet (worn)
   (You found it on level 1 of the Dungeon)
 k - a +0 buckler (worn)
 l - a +0 pair of gloves (worn)
   (You found it on level 2 of the Dungeon)
 n - the +1 robe of Gogguomo {Int+3 Dex+2}
   (You found it on level 3 of the Dungeon)

   Int:       It affects your intelligence (+3).
   Dex:       It affects your dexterity (+2).
 p - a scarf of resistance (worn)
   (You found it on level 3 of the Dungeon)
Jewellery
 c - a ring of ice {rC+, rF-}
   (You found it on level 2 of the Dungeon)
Wands
 q - a wand of quicksilver (11)
   (You found it on level 3 of the Dungeon)
Scrolls
 d - a scroll of fog
 E - 2 scrolls of fear
 Y - 3 scrolls of teleportation {@r3}
Potions
 h - a potion of heal wounds {unknown}
 i - a potion of resistance {unknown}
 j - a potion of degeneration {unknown}
 m - a potion of mutation {unknown}
 J - 3 potions of curing {@q1}
 M - 3 potions of might


   Skills:
 + Level 3.8 Fighting
 * Level 4.2 Long Blades
 + Level 3.8 Armour
 + Level 3.8 Shields


You had 5 spell levels left.
You didn't know any spells.
Your spell library was empty.

Dungeon Overview and Level Annotations

Branches:
Dungeon (4/15) Zot: 20522
 Temple: D:4-7

Shops:
D:1 (   D:2 (


Innate Abilities, Weirdness & Mutations

You have an increased reservoir of magic. (+10% MP)
You shall have no god before yourself.
Your divine heritage dramatically boosts your attributes as you level up.


Message History

Things that are here:
a +0 whip; a +0 ring mail; an orc corpse
r - 6 poisoned darts (gained 2)
You see here a +0 club.
Health restored: 52
Found a radiant altar of Vehumet.
Okay, then.
A goblin comes into view. It is wielding a +0 dagger.
The goblin shouts!
A quokka comes into view.
You block the goblin's attack.
You hit the goblin.
You kill the goblin!
Found 5 stones.
Found a stone staircase leading up.
You see here a +0 dagger.
You slash the quokka!
You kill the quokka!
No target in view!
You now have 169 gold pieces (gained 5).
s - 34 stones (gained 5)
A gnoll comes into view. It is wielding a +0 whip.
The gnoll shouts!
You hear a shout! x2
A gnoll comes into view. It is wielding a +0 halberd.
A gnoll comes into view. It is wielding a +0 club.
The gnoll shouts!
You see here a scroll labelled QOOGYD PELIA.
The gnoll attacks as you move away! The gnoll hits you but does no damage.
The gnoll attacks as you move away! You block the gnoll's attack.
The gnoll attacks as you move away! You block the gnoll's attack.
The gnoll throws a throwing net.
The throwing net hits you.
You become entangled in the net!
You see here a throwing net {!d}.
You struggle against the net.
The gnoll hits you but does no damage.
You struggle against the net.
The gnoll hits you but does no damage.
You shred the net and break free! The gnoll hits you but does no damage.
You block the gnoll's attack. The gnoll attacks as you move away!
The gnoll barely misses you.
There is a stone staircase leading up here.
You closely miss the gnoll. The gnoll barely misses you.
You barely miss the gnoll.
You block the gnoll's attack. x2; The gnoll hits you but does no damage.
You climb upwards.
There is a stone staircase leading down here.
You hit the gnoll.
The gnoll hits you but does no damage. x2
You block the gnoll's attack. x2
You slash the gnoll!
You kill the gnoll!
The gnoll hits you but does no damage.
You hit the gnoll. The gnoll hits you but does no damage.
You slash the gnoll!
You kill the gnoll!
No target in view!
No target in view!
You climb downwards.
There is a stone staircase leading up here.
The gnoll barely misses you. The gnoll hits you with a +0 halberd.
You take 3 damage, and have 49/52 hp.
You closely miss the gnoll. You block the gnoll's attack.
You hit the gnoll. The gnoll barely misses you.
You slash the gnoll!
The gnoll drinks a potion.
The gnoll is healed!
J - 3 potions of curing You hit the gnoll but do no damage.
The gnoll barely misses you. The gnoll hits you with a +0 halberd!
You take 7 damage, and have 43/52 hp.
You hit the gnoll but do no damage. The gnoll barely misses you.
You hit the gnoll. The gnoll hits you with a +0 halberd!
You take 7 damage, and have 36/52 hp.
You hit the gnoll. The gnoll barely misses you.
You hit the gnoll but do no damage. The gnoll hits you with a +0 halberd.
The gnoll hits you but does no damage.
You take 1 damage, and have 36/52 hp.
You slash the gnoll!
You kill the gnoll!
No target in view!
An ogre comes into view. It is wielding a +0 giant spiked club.
You regained 14 hp, and now have 50/52 hp.
The ogre shouts!
Things that are here:
a +0 halberd; a scroll of magic mapping {@r4!r}; a gnoll corpse You barely miss the ogre.
The ogre hits you with a +0 giant spiked club!!
Ouch! That really hurt!
You take 29 damage, and have 21/52 hp.
MASSIVE DAMAGE!!
You slash the ogre! You block the ogre's attack.
You completely miss the ogre. You hit the ogre.
The ogre hits you with a +0 giant spiked club.
You take 2 damage, and have 20/52 hp.
You hit the ogre.
The ogre hits you with a +0 giant spiked club!
* * * LOW HITPOINT WARNING * * *
You take 15 damage, and have 5/52 hp.
MASSIVE DAMAGE!!
You hit the ogre.
The ogre hits you with a +0 giant spiked club!
You die...

#. .........#.........#
...##########.#.#.#.###.#
.#........####^.##.#.#<#.#
#........$...........)....
....###.?#...#......#.#.#
. #.###.###.###.#.#.#.#.#
#......#...#....#.#...#
#####...O._.....##.#...#
#......@#...#...##.#...# #
#.##..)###.###.....#...#
#.
#.##....#...#..#####...#
#.
#.##....................
#.
#.#...#.####..##########
#..#....##.# .... .......
#...<......# ### #######
.8....#########
########### .....
...........


You could see an ogre.

Vanquished Creatures
  An orc priest (D:4)
  An orc wizard (D:4)
  Terence (D:3)
  Natasha (thrice) (D:2)
  Robin (D:2)
  9 gnolls
  5 adders
  3 worms
  3 dart slugs
  3 orcs (D:4)
  A bat (D:1)
  3 endoplasms
  A giant cockroach (D:2)
  10 goblins
  11 hobgoblins
  4 jackals (D:2)
  2 quokkas
  6 ball pythons
  4 frilled lizards
  10 kobolds
  7 rats
89 creatures vanquished.

Notes
Turn   | Place    | Note
-------+----------+-------------------------------------------
     0 | D:1      | sokol815 the Demigod Fighter began the quest for the Orb.
     0 | D:1      | Reached XP level 1. HP: 18/18 MP: 3/3
    73 | D:1      | Found Peamiz's Antique Weapon Boutique.
   138 | D:1      | Reached skill level 2 in Long Blades
   487 | D:1      | Reached XP level 2. HP: 24/25 MP: 4/4
   973 | D:2      | Reached skill level 3 in Fighting
   988 | D:2      | Reached skill level 3 in Armour
   988 | D:2      | Reached skill level 3 in Shields
   988 | D:2      | Reached XP level 3. HP: 15/31 MP: 5/5
  1101 | D:2      | Noticed Robin
  1238 | D:2      | Killed Robin
  1323 | D:2      | HP: 5/31 [gnoll/+0 flail (8)]
  1330 | D:2      | Reached skill level 3 in Long Blades
  1330 | D:2      | Reached XP level 4. HP: 5/38 MP: 6/6
  1332 | D:2      | HP: 2/38 [gnoll/+0 whip (4)]
  1504 | D:2      | Noticed Natasha
  1512 | D:2      | Killed Natasha
  1717 | D:2      | Noticed Natasha
  1722 | D:2      | Killed Natasha
  1723 | D:2      | Reached XP level 5. HP: 42/45 MP: 7/7
  1735 | D:2      | Found Emyef's Antique Weapon Shop.
  2140 | D:2      | Noticed Natasha
  2152 | D:2      | Killed Natasha
  2258 | D:3      | Noticed Terence
  2274 | D:3      | Killed Terence
  2278 | D:3      | Identified the +1 robe of Gogguomo {Int+3 Dex+2}
  2773 | D:3      | Reached skill level 4 in Long Blades
  3111 | D:4      | Reached XP level 6. HP: 30/52 MP: 8/8
  3380 | D:4      | HP: 5/52 [ogre/+0 giant spiked club (15)]
  3381 | D:4      | Mangled by an ogre

Illustrated notes

Levels and vault maps discovered:
D:1:      dpeg_arrival_arbitrary_a, layout_basic, serial_shops, shop,
          shapermc_ecumenical_altar_ellora
D:2:      layout_basic, basic_altar, serial_shops, nicolae_shop_behind_doors,
          uniq_robin, uniq_natasha
D:3:      layout_rooms, mainiacjoe_overflow_brackets,
          nicolae_tso_swordbearing_angel, uniq_terence
D:4:      layout_basic, mainiacjoe_overflow_concentric_impassable,
          vehumet_crystals, minmay_temple_entry_statues_pillars,
          nicolae_shop_overcharged_wands, uniq_eustachio,
          uniq_crazy_yiuf_cottage

Skill      XL: |  1  2  3  4  5 |
---------------+----------------+-----
Long Blades    | 2 3 4 |  4.2
Fighting       | 3 |  3.8
Armour         | 3 |  3.8
Shields        | 3 |  3.8

Action                     |  1- 3 |  4- 6 || total
---------------------------+-------+-------++-------
  Melee: Long sword        |   126 |   169 ||   295
  Throw: Stone             |     4 |       ||     4
  Evoke: Wand              |       |     2 ||     2
    Use: Scroll            |     3 |     3 ||     6
         Potion            |     1 |       ||     1
 Armour: Scale mail        |    11 |       ||    11
         Chain mail        |    82 |    74 ||   156
  Dodge: Dodged            |    42 |    45 ||    87
  Block: Buckler           |    34 |    47 ||    81

Table legend: (Time is in decaauts)
 A = Elapsed time spent in this place.
 B = Non-inter-level travel time spent in this place.
 C = Inter-level travel time spent in this place.
 D = Time resting spent in this place.
 E = Time spent auto-exploring this place.
 F = Levels seen in this place.
 G = Mean time per level.
                   A        B        C        D        E       F      G
               +--------+--------+--------+--------+--------+-----+--------+
         Total |   3476 |   3294 |    182 |    170 |   2392 |   4 |  869.0 |
       Dungeon |   3476 |   3294 |    182 |    170 |   2392 |   4 |  869.0 |
               +--------+--------+--------+--------+--------+-----+--------+

Top non-repeatable levels by time:
     D:2: 1284 daAuts
     D:1: 1036 daAuts
     D:3: 839 daAuts
     D:4: 316 daAuts

Table legend:
 A = Kills in this place as a percentage of kills in entire the game.
 B = Kills by you in this place as a percentage of kills by you in the entire game.
 C = Kills by friends in this place as a percentage of kills by friends in the entire game.
 D = Other kills in this place as a percentage of other kills in the entire game.
 E = Experience gained in this place as a percentage of experience gained in the entire game.
 F = Experience gained in this place divided by the number of levels of this place that you have seen.
                   A       B       C       D       E      F
               +-------+-------+-------+-------+-------+----------------------
         Total | 100.0 | 100.0 |   N/A |   N/A | 100.0 | 140.5
       Dungeon | 100.0 | 100.0 |   N/A |   N/A | 100.0 | 140.5
               +-------+-------+-------+-------+-------+----------------------
